 Dungeon Crawl Stone Soup version 0.26-a0-259-g1effd001a9 (webtiles) character file.

Game seed: 187362981062937494

4322 Lugonue the Thaumaturge (level 10, -6/50 HPs)
             Began as a Deep Elf Fire Elementalist on July 24, 2020.
             Was an Initiate of Sif Muna.
             Mangled by an orc warrior
             ... wielding a +0 war axe
              (24 damage)
             ... in a bailey.
             The game lasted 00:29:35 (9922 turns).

Lugonue the Thaumaturge (DEFE)                      Turns: 9922, Time: 00:29:36

Health: -6/50      AC:  8    Str:  5      XL:     10   Next: 11%
Magic:  12/36      EV: 14    Int: 24      God:    Sif Muna [......]
Gold:   490        SH:  3    Dex: 16 (17) Spells: 17/31 levels left

rFire    . . .     SeeInvis .   j - staff of energy
rCold    + + .     Faith    .   t - +0 buckler
rNeg     . . .     Spirit   .   d - +2 leather armour {rC+}
rPois    .         Reflect  .   m - +3 hat "Vyjunuq" {*Slow rElec rC+ Dex+2}
rElec    +         Harm     .   (no cloak)
rCorr    +                      (no gloves)
MR       +....                  (no boots)
Stlth    ++........             (no amulet)
HPRegen  0.16/turn              b - ring of magical power
MPRegen  0.25/turn              a - ring of resist corrosion

@: no status effects
A: no striking features
a: Renounce Religion


You were in a bailey.
You worshipped Sif Muna.
Sif Muna was noncommittal.
You were not hungry.

You visited 2 branches of the dungeon, and saw 9 of its levels.
You also visited: Bailey.

You collected 490 gold pieces.

Inventory:

Armour
 d - a +2 leather armour of cold resistance (worn)
 m - the +3 hat "Vyjunuq" (worn) {*Slow rElec rC+ Dex+2}
   (You found it on level 6 of the Dungeon)

   It affects your dexterity (+2).
   It protects you from cold.
   It insulates you from electricity.
   It may slow you when you take damage.
 t - a +0 buckler (worn)
Magical Staves
 j - an uncursed staff of energy (weapon)
Jewellery
 a - a ring of resist corrosion (right hand)
 b - a ring of magical power (left hand)
Scrolls
 e - 3 scrolls of amnesia
Potions
 f - a potion of might {unknown}
 g - 2 potions of stabbing
 h - a potion of haste {unknown}
 p - a potion of lignification {unknown}
 q - 2 potions of magic
 s - a potion of heal wounds {unknown}
Comestibles
 c - 24 rations


   Skills:
 + Level 0.1 Fighting
 + Level 2.2 Armour
 * Level 6.6 Dodging
 + Level 3.3 Stealth
 * Level 11.3 Spellcasting
 + Level 6.6 Conjurations
 + Level 3.3 Hexes
 + Level 0.3 Translocations
 * Level 9.1 Fire Magic
 + Level 0.5 Evocations


You had 17 spell levels left.
You knew the following spells:

 Your Spells              Type           Power        Failure   Level
a - Foxfire               Conj/Fire      ####         1%          1
b - Conjure Flame         Conj/Fire      ######..     1%          3
c - Inner Flame           Hex/Fire       #####...     3%          3
d - Sticky Flame          Conj/Fire      ######..     4%          4
e - Gell's Gravitas       Tloc           ###.......   32%         3

Your spell library contained the following spells:

 Spells                   Type           Power        Failure   Level
 Confusing Touch          Hex            ####....     10%         3
 Fireball                 Conj/Fire      ######....   13%         5
 Petrify                  Tmut/Erth      ##......     77%         4
 Metabolic Englaciation   Hex/Ice        ###.......   87%         5
 Yara's Violent Unravell  Hex/Tmut       ###.......   87%         5


Dungeon Overview and Level Annotations

Branches:
Dungeon (8/15)             Temple (1/1) D:5          Bailey (1/1)
   Lair: D:8-11

Altars:
Ashenzari
Cheibriados
Dithmenos
Elyvilon
Fedhas
Gozag
Hepliaklqana
Makhleb
Okawaru
Qazlal
Sif Muna
Trog
Uskayaw
Vehumet
Wu Jian
Xom
Yredelemnul
Zin
The Shining One


Message History

You block the sun demon's attack.
The sun demon disappears in a puff of smoke!
Evoke which item? (* to show all) (? for menu, Esc to quit)
Aiming: Paralyse
Press: ? - help, Shift-Dir - straight line, f - orc warrior
Aim: an orc warrior, wielding a +0 war axe and wearing a +0 ring mail (chance to defeat MR: 47%)
The orc warrior resists with some effort.
Evoke which item? (* to show all) (? for menu, Esc to quit)
Aiming: Paralyse
Press: ? - help, Shift-Dir - straight line, f/p - orc warrior
Aim: an orc warrior, wielding a +0 war axe and wearing a +0 ring mail (grey smoke, chance to defeat MR: 47%)
The orc warrior resists with some effort.
The now-empty wand crumbles to dust.
Evoke which item? (* to show all) (? for menu, Esc to quit)
Okay, then.
Okay, then.
Okay, then.
You feel better.
The orc warrior hits you with a +0 war axe!!
You die...

#######+# ≈≈≈≈
#.......# ≈≈≈≈#
#.8.8.8.+
≈≈≈≈######......@#####
≈≈≈≈≈.#......#..o.#))#
≈≈≈≈≈.#......#....#.)#
≈≈≈≈≈.#''#####.g..#g.#
≈≈≈≈≈.#g....##....#..#
....).'4....##....#'##
....))'..⌠..##.o_.# .
.....)4§§§§.##..g.#+##
≈≈≈≈≈.#g§K§.##....#..#


You could see 2 orc warriors, 2 gnolls and a goblin.

Vanquished Creatures
  An orc high priest (Bailey)
  Prince Ribbit (D:7)
  A hippogriff (D:2)
  Duvessa (D:6)
  2 sky beasts
  A black bear (D:7)
  3 orc warriors (Bailey)
  3 ogres
  3 phantoms
  3 centaurs
  2 bullfrogs
  Dowan (D:6)
  3 scorpions (D:6)
  3 killer bees
  7 wights
  An electric eel (Bailey)
  A bullfrog zombie (D:5)
  A hound (D:4)
  A centaur zombie (D:7)
  A jelly (D:5)
  6 orc priests
  7 orc wizards
  2 bullfrog skeletons
  Natasha (thrice) (D:2)
  4 iguanas
  4 worker ants
  A hound skeleton (D:4)
  8 adders
  5 gnolls
  A howler monkey skeleton (D:4)
  A white imp (D:7)
  An ufetubus (D:7)
  5 adder skeletons
  5 worms
  A dart slug (D:1)
  7 leopard geckos
  26 orcs
  A ball python (D:5)
  5 giant cockroaches
  9 goblins
  9 hobgoblins
  10 jackals
  2 quokkas
  8 bats
  6 frilled lizards
  A giant cockroach zombie (D:6)
  11 kobolds
  12 rats
201 creatures vanquished.

Vanquished Creatures (others)
  902 foxfires
902 creatures vanquished.

Grand Total: 1103 creatures vanquished

Notes
Turn   | Place    | Note
-------+----------+-------------------------------------------
     0 | D:1      | Lugonue the Deep Elf Fire Elementalist began the quest for
                  | the Orb.
     0 | D:1      | Reached XP level 1. HP: 10/10 MP: 6/6
   192 | D:1      | Reached XP level 2. HP: 15/15 MP: 8/8
   611 | D:1      | Reached XP level 3. HP: 19/19 MP: 10/10
  1399 | D:2      | Noticed Natasha
  1406 | D:2      | Learned a level 3 spell: Inner Flame
  1418 | D:2      | Killed Natasha
  1418 | D:2      | Reached skill level 4 in Spellcasting
  1418 | D:2      | Reached XP level 4. HP: 6/24 MP: 7/12
  1784 | D:2      | Found a white marble altar of Elyvilon.
  1949 | D:2      | Found a shimmering blue altar of Sif Muna.
  1952 | D:2      | Found a radiant altar of Vehumet.
  1955 | D:2      | Noticed a hippogriff
  1957 | D:2      | Found a transporter.
  1976 | D:2      | Found a transporter.
  2391 | D:2      | Learned a level 3 spell: Conjure Flame
  2471 | D:2      | Noticed Natasha
  2479 | D:2      | Killed Natasha
  2528 | D:2      | Found a blossoming altar of Fedhas.
  2565 | D:2      | Noticed Natasha
  2574 | D:2      | Killed Natasha
  2574 | D:2      | Reached XP level 5. HP: 28/28 MP: 14/14
  2775 | D:3      | Found a bloodstained altar of Trog.
  2829 | D:3      | Learned a level 4 spell: Sticky Flame
  3583 | D:3      | Reached skill level 5 in Spellcasting
  3874 | D:4      | Noticed a phantom
  3882 | D:4      | Killed a phantom
  3882 | D:4      | Reached skill level 5 in Fire Magic
  3882 | D:4      | Reached XP level 6. HP: 32/32 MP: 16/16
  4069 | D:4      | Reached skill level 6 in Spellcasting
  4577 | D:4      | Reached XP level 7. HP: 36/36 MP: 16/19
  4777 | D:4      | Learned a level 3 spell: Gell's Gravitas
  4808 | D:5      | Entered Level 5 of the Dungeon
  4847 | D:5      | Reached skill level 7 in Spellcasting
  5023 | D:5      | Reached skill level 1 in Hexes
  5159 | D:5      | Found a hazy altar of Hepliaklqana.
  5163 | D:5      | Found a stormy altar of Qazlal.
  5682 | D:5      | Reached skill level 8 in Spellcasting
  6016 | D:5      | Found a staircase to the Ecumenical Temple.
  6023 | Temple   | Entered the Ecumenical Temple
  6607 | D:5      | Reached XP level 8. HP: 41/41 MP: 22/22
  7065 | D:6      | Got a jewelled hat
  7071 | D:6      | Identified the +3 hat "Vyjunuq" {*Slow rElec rC+ Dex+2}
                  | (You found it on level 6 of the Dungeon)
  7123 | D:6      | Reached skill level 5 in Conjurations
  7550 | D:6      | Noticed Dowan
  7557 | D:6      | Killed Dowan
  7557 | D:6      | Noticed Duvessa
  7566 | D:6      | Killed Duvessa
  7566 | D:6      | Reached skill level 5 in Dodging
  7566 | D:6      | Reached skill level 9 in Spellcasting
  7933 | D:7      | Got a shimmering mace
  7934 | D:7      | Identified the +3 mace of the Lame Duck {elec, *Slow +Inv
                  | rElec} (You found it on level 7 of the Dungeon)
  7949 | D:7      | Reached XP level 9. HP: 45/45 MP: 24/24
  7956 | D:7      | Noticed Prince Ribbit
  7958 | D:7      | Reached skill level 1 in Armour
  8302 | D:7      | Reached skill level 10 in Spellcasting
  8567 | D:7      | Found a shadowy altar of Dithmenos.
  8578 | D:7      | Killed Prince Ribbit
  9096 | D:7      | Found a glowing silver altar of Zin.
  9102 | D:7      | Found a glowing golden altar of the Shining One.
  9107 | D:7      | Found a basalt altar of Yredelemnul.
  9344 | D:2      | Became a worshipper of Sif Muna the Loreminder
  9730 | D:8      | Found a flagged portal.
  9743 | Bailey   | Entered a bailey
  9833 | Bailey   | Found an iron altar of Okawaru.
  9833 | Bailey   | Noticed an orc high priest
  9833 | Bailey   | Noticed a kobold demonologist
  9846 | Bailey   | Killed an orc high priest
  9846 | Bailey   | Reached skill level 11 in Spellcasting
  9846 | Bailey   | Reached XP level 10. HP: 50/50 MP: 21/27
  9865 | Bailey   | Noticed a soul eater
  9875 | Bailey   | Noticed a rust devil
  9899 | Bailey   | Noticed a sun demon
  9922 | Bailey   | Mangled by an orc warrior

Illustrated notes

Levels and vault maps discovered:
D:1:      lemuel_arrival_river_passageway, layout_basic
D:2:      layout_loops_ring, lemuel_coloured_pillars_altar,
          gammafunk_temple_overflow_arena, lemuel_tele_altar, uniq_natasha
D:3:      layout_loops_corners, bloody_trog, first_ration
D:4:      layout_gridville
D:5:      minmay_octagon_keep, layout_cave_pods, nicolae_ru_awakened_eye,
          grunt_temple_overflow_open, minmay_temple_entry_junction_2,
          cheibrodos_sewer_entry_sluice
D:6:      layout_rooms, grunt_decor_one_mirror, uniq_duvessa
D:7:      layout_basic, minitemple, basic_altar, uniq_prince_ribbit1
D:8:      layout_basic, nemelex_altar_shiori, enter_bailey_2
Temple:   zaba_magenta_temple
Bailey:   bailey_axe_of_yendor_kennysheep, bailey

Skill      XL: |  1  2  3  4  5  6  7  8  9 |
---------------+----------------------------+-----
Fire Magic     | 4 5 6 7 9 |  9.1
Spellcasting   | 4 5 6 8 9 11 | 11.3
Conjurations   | 2 3 4 5 6 |  6.6
Dodging        | 3 4 5 6 |  6.6
Stealth        | 3 |  3.3
Hexes          | 2 3 |  3.3
Armour         | 2 |  2.2
Fighting       | |  0.1
Translocations | |  0.3
Evocations     | |  0.5

Action                   |  1- 3 |  4- 6 |  7- 9 | 10-12 || total
-------------------------+-------+-------+-------+-------++-------
Melee: Staff             |       |     2 |       |       ||     2
 Cast: Foxfire           |    96 |   176 |   317 |    15 ||   604
       Inner Flame       |     1 |     5 |    26 |     1 ||    33
       Conjure Flame     |       |     6 |    16 |     2 ||    24
       Sticky Flame      |       |     2 |    11 |     1 ||    14
       Gell's Gravitas   |       |       |     3 |       ||     3
Evoke: Staff of energy   |       |       |     8 |       ||     8
       Wand              |       |       |     3 |     9 ||    12
  Use: Potion            |     1 |       |     1 |     2 ||     4
       Scroll            |       |     5 |     7 |     2 ||    14
  Eat: Ration            |     1 |     2 |     5 |       ||     8
Armor: Robe              |     6 |     4 |       |       ||    10
       Leather armour    |       |       |    19 |    18 ||    37
Dodge: Dodged            |     7 |    43 |    48 |    37 ||   135
Block: Buckler           |       |       |       |     6 ||     6

Table legend:
 A = Non-vault XP
 B = Vault XP
 C = Vault XP percentage of total XP
 D = Non-vault monster count
 E = Vault monster count
 F = Vault count percentage of total count
                 A         B        C        D         E       F
            +---------+---------+-------+---------+---------+-------
      Total |    3756 |    2419 |  39.2 |     170 |      31 |  15.4
            +---------+---------+-------+---------+---------+-------
        D:1 |      60 |       0 |   0.0 |      33 |       0 |   0.0
        D:2 |     113 |     334 |  74.7 |      21 |       3 |  12.5
        D:3 |      58 |       0 |   0.0 |      19 |       0 |   0.0
        D:4 |     488 |       0 |   0.0 |      20 |       0 |   0.0
        D:5 |     473 |     245 |  34.1 |      19 |      10 |  34.5
        D:6 |    1160 |     212 |  15.5 |      33 |       2 |   5.7
        D:7 |    1307 |     286 |  18.0 |      24 |       1 |   4.0
        D:8 |      97 |       0 |   0.0 |       1 |       0 |   0.0
     Bailey |       0 |    1342 | 100.0 |       0 |      15 | 100.0
            +---------+---------+-------+---------+---------+-------
